 Dungeon Crawl Stone Soup version 0.27.0-65-ge2af304b15 (webtiles) character file.

Game seed: 9935624863343184225

371 Naeght the Slasher (level 6, 0/52 (56) HPs)
             Began as a Minotaur Berserker on Aug 19, 2021.
             Was a Believer of Trog.
             Slain by a bullfrog zombie (5 damage)
             ... on level 5 of the Dungeon.
             The game lasted 00:03:26 (3548 turns).

Naeght the Slasher (Minotaur Berserker)             Turns: 3548, Time: 00:03:26

HP:   0/52 (56)     AC:  3    Str: 23    XL:     6   Next: 42%
MP:   5/5           EV: 12    Int:  4    God:    Trog [**....]
Gold: 130           SH:  0    Dex: 10    Spells: 5/5 levels left

rFire    . . .     SeeInvis .   a - +0 falchion
rCold    . . .     Faith    .   (no shield)
rNeg     . . .     Spirit   .   o - +0 leather armour
rPois    .         Reflect  .   (helmet restricted)
rElec    .         Harm     .   (no cloak)
rCorr    .         Rampage  .   (no gloves)
Will     ++...                  (no boots)
Stlth    +.........             (no amulet)
HPRegen  1.17/turn              (no ring)
MPRegen  0.09/turn              (no ring)

@: strong-willed, regenerating, drained
A: horns 2, retaliatory headbutt
a: Renounce Religion, Berserk, Trog's Hand


You were on level 5 of the Dungeon.
You worshipped Trog.
Trog was pleased with you.
You visited 1 branch of the dungeon, and saw 5 of its levels.

You collected 130 gold pieces.

Inventory:

Hand Weapons
 a - a +0 falchion (weapon)
Armour
 b - a +0 animal skin
 o - a +0 leather armour (worn)
Jewellery
 k - the ring of Gemiz {+Blink Slay+4}
   (You found it on level 4 of the Dungeon)

   [ring of slaying]

   Slay:      It affects your accuracy & damage with ranged weapons and melee
   (+4).
   +Blink:    It lets you blink.
Scrolls
 d - a scroll of vulnerability {unknown}
 f - a scroll of torment {unknown}
 h - a scroll of identify {unknown}
 i - a scroll of immolation {unknown}
 m - a scroll of noise {unknown}
Potions
 c - a potion of flight {unknown}
 e - 2 potions of curing {unknown}
 g - 3 potions of heal wounds {unknown}
 j - a potion of brilliance {unknown}
 l - a potion of degeneration {unknown}
 n - 2 potions of haste {unknown}


   Skills:
 + Level 5.1 Fighting
 * Level 6.3 Long Blades
 - Level 4.0 Armour
 + Level 3.9 Dodging


You had 5 spell levels left.
You didn't know any spells.
Your spell library was empty.

Dungeon Overview and Level Annotations

Branches:
Dungeon (5/15)
 Temple: D:4-7

Altars:
Hepliaklqana
Nemelex Xobeh
Okawaru
Wu Jian


Innate Abilities, Weirdness & Mutations

You have a pair of horns on your head.
You reflexively headbutt those who attack you in melee.


Message History

The bullfrog zombie barely misses you. The orc closely misses you.
You furiously retaliate!
You headbutt the orc!
You kill the orc!
Trog accepts your kill.
You hear some strange, mumbled words.
You are confused.
You closely miss something. The bullfrog zombie hits you. Something hits you.
* * * LOW HITPOINT WARNING * * *
Something hits you.
* * * LOW HITPOINT WARNING * * *
The bullfrog zombie barely misses you. Something hits you.
* * * LOW HITPOINT WARNING * * *
You feel less confused.
Things that are here:
a +0 flail; a +0 scale mail You barely miss the bullfrog zombie.
You headbutt the bullfrog zombie.
The bullfrog zombie is moderately damaged.
The bullfrog zombie closely misses you. Something hits you.
* * * LOW HITPOINT WARNING * * *
You hit the bullfrog zombie.
The bullfrog zombie is heavily damaged.
The bullfrog zombie closely misses you. Something hits you.
* * * LOW HITPOINT WARNING * * *
The bullfrog zombie closely misses you.
Unknown command.
Your leather armour prevents you from hitting the bullfrog zombie.
The bullfrog zombie is heavily damaged.
The bullfrog zombie hits you.
* * * LOW HITPOINT WARNING * * *
Something hits you but does no damage.
Your skin crawls.
You feel strong-willed. The bullfrog zombie closely misses you.
You riposte.
You hit the bullfrog zombie.
The bullfrog zombie is heavily damaged.
Something completely misses you.
You closely miss the bullfrog zombie. You headbutt the bullfrog zombie.
The bullfrog zombie is heavily damaged.
The bullfrog zombie hits you.
You die...

#.....# ...## ##
#.....# .....
..#.....##.....?
#.......#..##..
#..............
#...........)..
###.....)......#
........Z......#
...#.....@..!.##
###..........##
####.......#
#...####....
#..## ##...
###.## #.##
####...## ..#
#.......# #.###
## .....##..##
#...##...


You could see a bullfrog zombie.

Vanquished Creatures
  A necrophage (D:4)
  An ogre (D:4)
  A scorpion (D:4)
  An orc priest (D:5)
  2 adders
  An ufetubus (D:4)
  3 worms
  2 dart slugs
  4 orcs
  6 endoplasms
  A giant cockroach (D:1)
  6 goblins
  8 hobgoblins
  6 jackals
  4 quokkas
  5 ball pythons
  3 bats
  A frilled lizard (D:1)
  12 kobolds
  2 rats
70 creatures vanquished.

Notes
Turn   | Place    | Note
-------+----------+-------------------------------------------
     0 | D:1      | Naeght the Minotaur Berserker began the quest for the Orb.
     0 | D:1      | Reached XP level 1. HP: 19/19 MP: 0/0
   234 | D:1      | Reached XP level 2. HP: 27/27 MP: 1/1
   239 | D:1      | Reached skill level 4 in Long Blades
   794 | D:2      | Reached XP level 3. HP: 33/33 MP: 2/2
  1142 | D:2      | Reached ** piety under Trog
  1148 | D:2      | Found a faded altar of an unknown god.
  1882 | D:2      | Reached XP level 4. HP: 40/40 MP: 3/3
  2115 | D:3      | Found an iron altar of Okawaru.
  2115 | D:3      | Found an ornate altar of the Wu Jian Council.
  2414 | D:4      | Identified the ring of Gemiz {+Blink Slay+4}
  2466 | D:4      | Found a sparkling altar of Nemelex Xobeh.
  2490 | D:4      | Found a hazy altar of Hepliaklqana.
  2494 | D:4      | Noticed a scorpion
  2501 | D:4      | Killed a scorpion
  2502 | D:4      | Reached skill level 5 in Long Blades
  2502 | D:4      | Reached XP level 5. HP: 30/47 MP: 4/4
  2649 | D:4      | Noticed a necrophage
  2661 | D:4      | Killed a necrophage
  3059 | D:4      | Noticed an ogre
  3240 | D:4      | Killed an ogre
  3241 | D:4      | Reached skill level 5 in Fighting
  3241 | D:4      | Reached skill level 6 in Long Blades
  3241 | D:4      | Reached XP level 6. HP: 30/56 MP: 5/5
  3498 | D:5      | Entered Level 5 of the Dungeon
  3548 | D:5      | Slain by a bullfrog zombie

Illustrated notes

Levels and vault maps discovered:
D:1:      psy_arrival_dodecagon, layout_basic
D:2:      layout_basic, ebering_ecumenical_altar_sacrificial,
          minmay_misc_feat_encased, guppyfry_early_lair_pool
D:3:      layout_basic, mainiacjoe_overflow_divided_tiny
D:4:      layout_cave_pools, mainiacjoe_overflow_alcove_2, kennysheep_mini_moat,
          serial_park, serial_park_tiny_2, serial_park_fountain,
          serial_park_tiny_1, serial_park_gazebo [serial_park_minivault_5x5_1]
D:5:      layout_layer_cave, chequers_serial_rivers_marsh, minmay_bent,
          uniq_ijyb

Skill      XL: |  1  2  3  4  5 |
---------------+----------------+-----
Long Blades    | 4 5 6 |  6.3
Fighting       | 4 5 |  5.1
Armour         | 3 4 |  4.0
Dodging        | 3 |  3.9

Action                   |  1- 3 |  4- 6 || total
-------------------------+-------+-------++-------
Melee: Falchion          |    89 |    72 ||   161
       Headbutt          |    15 |    19 ||    34
Invok: Berserk           |       |     1 ||     1
       Trog's Hand       |       |     1 ||     1
Armor: Animal skin       |    10 |    14 ||    24
       Leather armour    |       |     3 ||     3
Dodge: Dodged            |    56 |    58 ||   114
       Rpst.: Falchion   |    17 |    12 ||    29
